 Dungeon Crawl Stone Soup version 0.31-a0-675-g238779eb0a (webtiles) character file.

Game seed: 6084870626394595611

3175 jt the Grappler (level 9, -2/50 HPs)
             Began as a Vine Stalker Shapeshifter on Sept 5, 2023.
             Was an Elder of Elyvilon.
             Slain by a hornet (8 damage)
             ... on level 7 of the Dungeon.
             The game lasted 00:14:16 (4249 turns).

jt the Grappler (Vine Stalker Shapeshifter)         Turns: 4249, Time: 00:14:16

Health: -2/50      AC:  6    Str: 21    XL:     9   Next: 95%
Magic:  0/10       EV: 10    Int: 10    God:    Elyvilon [****..]
Gold:   292        SH:  0    Dex: 14    Spells: 8/8 levels left

rFire   . .          .
                       - Unarmed
rCold   . . .        (no shield)
rNeg    . . .        k - +0 scale mail
rPois   .            (helmet currently unavailable)
rElec   .            (cloak currently unavailable)
rCorr   .            (gloves currently unavailable)
SInv    .            (boots currently unavailable)
Will    ++...        x - amulet of magic regeneration
Stlth   +            o - ring of willpower
HPRegen 1.08/turn    (no ring)
MPRegen 0.52/turn

%: guardian spirit
@: lethally poisoned (-2 -> -13), beast-form, slowed, very slow
A: beast (slay +4), fangs 3, regeneration 1, magic shield, antimagic bite, no
potion heal 2
a: Begin Untransformation, Renounce Religion, Purification, Heal Other, Heal
Self


You were on level 7 of the Dungeon.
You worshipped Elyvilon.
Elyvilon was greatly pleased with you.
You were a hulking beast.
You visited 2 branches of the dungeon, and saw 8 of its levels.

You collected 292 gold pieces.

Inventory:

Hand Weapons
 i - a +0 war axe
 v - a +0 orcbow
 w - a +0 sling
 z - a +2 long sword of holy wrath
 C - a +0 trident
 F - a +0 glaive of protection
 G - a +2 antimagic shortbow
 H - a +1 whip of electrocution
 M - a +0 arbalest
Missiles
 e - 45 stones
 f - 6 boomerangs (quivered)
 j - 9 poisoned darts
Armour
 a - a +0 animal skin
 g - a +0 ring mail
 k - a +0 scale mail (worn)
 n - a +0 helmet
 q - a +0 pair of gloves
 E - a +0 plate armour
Jewellery
 m - a ring of fire
 o - a ring of willpower (left hand)
 x - an amulet of magic regeneration (around neck)
 I - an amulet of regeneration
Talismans
 c - a beast talisman (active)
 d - a flux talisman
Wands
 s - a wand of polymorph (6)
Scrolls
 h - a scroll of fog
 p - 2 scrolls of immolation
 r - 2 scrolls of revelation
 t - 3 scrolls of teleportation
 u - 2 scrolls of poison
 y - 2 scrolls of silence {unknown}
 A - a scroll of enchant weapon
 B - a scroll of amnesia
 L - a scroll of fear {unknown}
 O - a scroll of enchant armour {unknown}
Potions
 b - 2 potions of lignification
 l - a potion of ambrosia
 D - a potion of heal wounds {unknown}
 J - a potion of haste {unknown}
 K - a potion of attraction
 N - a potion of degeneration {unknown}


   Skills:
 + Level 7.5 Fighting
 - Level 1.7 Dodging
 - Level 2.0 Stealth
 + Level 8.7 Unarmed Combat
 - Level 7.0 Shapeshifting


You had 8 spell levels left.
You didn't know any spells.
Your spell library contained the following spells:

 Spells                   Type           Power      Damage    Failure   Level
 Blink                    Tloc           0%         N/A       86%         2
 Lesser Beckoning         Tloc           0%         N/A       86%         2
 Momentum Strike          Conj/Tloc      0%         3d8       86%         2
 Poisonous Vapours        Pois/Air       0%         N/A       86%         2
 Mephitic Cloud           Conj/Pois/Air  0%         N/A       97%         3
 Freezing Cloud           Conj/Ice/Air   0%         6-21      100%        5


Dungeon Overview and Level Annotations

Branches:
Dungeon (7/15)             Temple (1/1) D:5

Altars:
Ashenzari
Dithmenos
Elyvilon
Gozag
Hepliaklqana
Kikubaaqudgha
Nemelex Xobeh
Okawaru
Qazlal
Sif Muna
Trog
Wu Jian
Yredelemnul
Zin
The Shining One

Shops:
D:1 [   D:5 *


Innate Abilities, Weirdness & Mutations

You are a hulking beast.
Your limbs bulge with bestial killing power. (Slay +4)
You have razor-sharp teeth.
Your natural rate of healing is unusually fast.
When hurt, damage is shared between your health and your magic reserves.
Your bite disrupts and absorbs the magic of your enemies.
Potions cannot restore your health.


Message History

You punch the sky beast! Your bite misses the sky beast.
The sky beast is heavily wounded.
The sky beast hits you but does no damage.
You hit the sky beast. You bite the sky beast. You drain its power.
The sky beast is almost dead.
The sky beast hits you. The sky beast shocks you.
You punch the sky beast!
You kill the sky beast!
You barely miss the hornet. Your punch misses the hornet.
Your bite misses the hornet. The hornet barely misses you.
The hornet stings you!
You feel yourself slow down.
You barely miss the hornet. The hornet stings you.
You are poisoned.
You feel as though you will be slow longer.
The hornet stings you!
You are more poisoned.
You feel as though you will be slow longer.
You hit the hornet.
The hornet is lightly wounded.
You feel extremely sick. The hornet stings you!
* * * LOW HITPOINT WARNING * * *
You are lethally poisoned!
You suddenly lose the ability to move!
The hornet stings you!
* * * LOW HITPOINT WARNING * * *
You are more poisoned.
You feel as though you will be slow longer.
Elyvilon protects you from harm! The hornet barely misses you.
You can move again.
Okay, then.
You are healed.
* * * LOW HITPOINT WARNING * * *
You feel extremely sick. The hornet stings you.
* * * LOW HITPOINT WARNING * * *
You feel as though you will be slow longer.
The hornet stings you but does no damage.
The hornet stings you!
You die...

### #.# ...... ####
##.## .....# ...#
#.).## .....# ...#
#...[# ....# ...#
#....# ....# ...#
#....## ...
...#####.....####y#
..###...........h#
..............##..#
.#########....###.#
.# #....# ..# ##
##...## #.# #
#....# #. ##.### ..
### #.#


You could see a hornet.

Vanquished Creatures
  The ghost of kaychamo the Trooper, a novice DjSh of Hepliaklqana (D:5)
  A wyvern (D:5)
  4 yaks (D:5)
  Eustachio (D:4)
  An ice beast (D:7)
  2 sky beasts (D:7)
  2 phantoms (D:6)
  2 centaurs
  2 bullfrogs
  5 wights (D:6)
  A scorpion (D:5)
  2 howler monkeys (D:5)
  4 hounds
  A jelly (D:7)
  3 orc priests
  3 gnoll boudas
  A sleepcap (D:6)
  3 iguanas
  5 orc wizards
  5 adders
  16 gnolls
  A shadow imp (D:6)
  A white imp (D:6)
  3 ufetubi
  6 worms
  2 dart slugs
  16 orcs
  6 endoplasms
  6 giant cockroaches
  8 goblins
  7 hobgoblins
  3 jackals (D:3)
  6 kobolds
  3 quokkas
  7 ball pythons
  9 bats
  4 frilled lizards
  3 rats
156 creatures vanquished.

Notes
Turn   | Place    | Note
-------+----------+-------------------------------------------
     0 | D:1      | jt the Vine Stalker Shapeshifter began the quest for the
                  | Orb.
     0 | D:1      | Reached XP level 1. HP: 9/9 MP: 2/2
    25 | D:1      | Reached skill level 1 in Fighting
    47 | D:1      | Reached XP level 2. HP: 13/14 MP: 1/3
    89 | D:1      | Reached skill level 1 in Stealth
   258 | D:1      | Found Fezxeiv's Armour Shop.
   396 | D:1      | Reached XP level 3. HP: 18/18 MP: 4/4
  1177 | D:2      | Found a faded altar of an unknown god.
  1223 | D:2      | Prayed at the altar of an unknown god.
  1223 | D:2      | Became a worshipper of Elyvilon the Healer
  1223 | D:2      | Reached * piety under Elyvilon
  1331 | D:3      | Reached XP level 4. HP: 23/23 MP: 5/5
  1821 | D:4      | Noticed Eustachio
  1821 | D:4      | Reached ** piety under Elyvilon
  1826 | D:4      | Reached XP level 5. HP: 21/26 MP: 4/6
  1984 | D:5      | Entered Level 5 of the Dungeon
  1984 | D:5      | Noticed a wyvern
  2002 | D:4      | Killed Eustachio
  2003 | D:4      | Reached skill level 4 in Unarmed Combat
  2003 | D:4      | Reached XP level 6. HP: 32/32 MP: 7/7
  2204 | D:4      | Reached XP level 7. HP: 25/36 MP: 8/8
  2522 | D:5      | Reached *** piety under Elyvilon
  2545 | D:5      | Elyvilon protects you from harm!
  2552 | D:5      | Elyvilon protects you from harm!
  2554 | D:5      | Killed a wyvern
  2555 | D:5      | Reached skill level 5 in Unarmed Combat
  2619 | D:5      | Reached skill level 5 in Shapeshifting
  2704 | D:5      | Found a staircase to the Ecumenical Temple.
  2714 | Temple   | Entered the Ecumenical Temple
  2787 | D:5      | Noticed a yak
  2787 | D:5      | Noticed a yak
  2816 | D:5      | Killed a yak
  2817 | D:5      | Gained mutation: You have razor-sharp teeth. [Vine Stalker
                  | growth]
  2817 | D:5      | Reached XP level 8. HP: 33/42 MP: 9/9
  2842 | D:5      | Noticed a yak
  2848 | D:5      | Noticed a yak
  2856 | D:5      | Killed a yak
  2857 | D:5      | Reached skill level 6 in Unarmed Combat
  2861 | D:5      | Killed a yak
  2862 | D:5      | Reached skill level 5 in Fighting
  2865 | D:5      | Killed a yak
  2971 | D:5      | Found a runed translucent door.
  2975 | D:5      | Found Omenos's Neck Hole.
  3010 | D:5      | Found a basalt altar of Yredelemnul.
  3015 | D:5      | Noticed a profane servitor
  3022 | D:5      | Found a glowing golden altar of the Shining One.
  3026 | D:5      | Noticed an angel
  3039 | D:5      | Found a runed translucent door.
  3042 | D:5      | Noticed kaychamo's ghost (novice DjSh)
  3053 | D:5      | Found an opulent altar of Gozag.
  3344 | D:5      | Killed kaychamo's ghost
  3345 | D:5      | Reached skill level 7 in Unarmed Combat
  3345 | D:5      | Reached XP level 9. HP: 46/48 MP: 10/10
  3488 | D:6      | Found a stormy altar of Qazlal.
  3740 | D:6      | Reached **** piety under Elyvilon
  3777 | D:6      | Reached skill level 8 in Unarmed Combat
  4240 | D:7      | Noticed a hornet
  4247 | D:7      | Paralysed by a hornet for 2 turns
  4248 | D:7      | Elyvilon protects you from harm!
  4249 | D:7      | Slain by a hornet

Illustrated notes

Levels and vault maps discovered:
D:1:      shiori_arrival_maze, layout_basic, serial_shops, shop
D:2:      layout_basic, chequers_ecumenical_altar_grove
D:3:      layout_basic, serial_curves, eino_curves_03, eino_curves_03,
          eino_curves_02, eino_curves_02
D:4:      layout_rooms, uniq_eustachio
D:5:      layout_cave_pools, grunt_temple_overflow_holy_war,
          mainiacjoe_overflow_brackets, minmay_temple_entry_slanted,
          ebering_ghost_sewer_f, chequers_mini_garden,
          nicolae_shop_sticking_my_neck_out
D:6:      layout_rooms, nicolae_qazlal_eye_of_the_storm
D:7:      layout_cave_pods
Temple:   hellmonk_temple_of_storms

Skill      XL: |  1  2  3  4  5  6  7  8  9 |
---------------+----------------------------+-----
Fighting       | 1 2 3 4 6 7 |  7.5
Stealth        | 2 |  2.0
Unarmed Combat | 4 5 7 8 |  8.7
Shapeshifting  | 4 5 6 7 |  7.0
Dodging        | |  1.7

Action                     |  1- 3 |  4- 6 |  7- 9 || total
---------------------------+-------+-------+-------++-------
  Melee: Unarmed           |   100 |   102 |   239 ||   441
         Bite              |    23 |    23 |    75 ||   121
         Punch             |     3 |       |    11 ||    14
  Throw: Boomerang         |     5 |    13 |    24 ||    42
 Invoke: Heal Self         |       |       |     1 ||     1
    Use: Potion            |       |       |     6 ||     6
         Scroll            |       |       |     7 ||     7
   Stab: Distracted        |     1 |       |       ||     1
         Sleeping          |     2 |       |       ||     2
 Armour: Animal skin       |    11 |       |       ||    11
         Ring mail         |    16 |       |       ||    16
         Scale mail        |    21 |    40 |   158 ||   219
         Skin              |       |       |    41 ||    41
  Dodge: Dodged            |    50 |    30 |   106 ||   186

Table legend: (Time is in decaauts)
 A = Elapsed time spent in this place.
 B = Non-inter-level travel time spent in this place.
 C = Inter-level travel time spent in this place.
 D = Time resting spent in this place.
 E = Time spent auto-exploring this place.
 F = Levels seen in this place.
 G = Mean time per level.
                   A        B        C        D        E       F      G
               +--------+--------+--------+--------+--------+-----+--------+
         Total |   4223 |   3936 |    287 |    142 |   2179 |   8 |  527.9 |
       Dungeon |   4221 |   3934 |    287 |    142 |   2179 |   7 |  603.0 |
        Temple |      1 |      1 |      0 |      0 |      0 |   1 |    1.0 |
               +--------+--------+--------+--------+--------+-----+--------+

Top non-repeatable levels by time:
     D:5: 871 daAuts
     D:4: 682 daAuts
     D:1: 667 daAuts
     D:6: 643 daAuts
     D:2: 591 daAuts
     D:3: 589 daAuts
     D:7: 177 daAuts
  Temple: 1 daAuts
